 Dungeon Crawl Stone Soup version 0.27-a0-414-gbb19ded6d3 (webtiles) character file.

Game seed: 905247634816027906

34886 tsouns the Fighter (level 13, -7/116 HPs)
             Began as a Black Draconian Venom Mage on Feb 23, 2021.
             Was a High Priest of Sif Muna.
             Mangled by a death yak (13 damage)
             ... on level 6 of the Lair of Beasts on Feb 25, 2021.
             The game lasted 00:43:58 (22427 turns).

tsouns the Fighter (Black Draconian Venom Mage)    Turns: 22427, Time: 00:43:59

Health: -7/116     AC:  9    Str: 12    XL:     13   Next: 44%
Magic:  4/26       EV: 15    Int: 19    God:    Sif Muna [*****.]
Gold:   915        SH:  0    Dex: 12    Spells: 9/31 levels left

rFire    . . .     SeeInvis .   D - +6 flail
rCold    . . .     Faith    .   (no shield)
rNeg     . . .     Spirit   .   (armour unavailable)
rPois    .         Reflect  .   (helmet restricted)
rElec    +         Harm     .   (no cloak)
rCorr    .         Rampage  .   (no gloves)
Will     .....                  F - +0 pair of boots
Stlth    ++........             M - amulet of regeneration
HPRegen  1.29/turn              l - +4 ring of slaying
MPRegen  0.20/turn              u - ring of wizardry

@: no status effects
A: breathe lightning, unfitting armour, electricity resistance, cold-blooded, AC
+8
a: Breathe Lightning, Renounce Religion, Channel Magic, Forget Spell, Divine
Exegesis


You were on level 6 of the Lair of Beasts.
You worshipped Sif Muna.
Sif Muna was extremely pleased with you.
You visited 2 branches of the dungeon, and saw 17 of its levels.

You collected 1200 gold pieces.
You spent 285 gold pieces at shops.

Inventory:

Hand Weapons
 D - a +6 flail (weapon)
 H - a +0 demon blade
Missiles
 a - 13 datura-tipped darts
 m - 7 atropa-tipped darts
 o - 63 poisoned darts
 p - 70 bolts
 t - 7 boomerangs
 O - 2 curare-tipped darts (quivered)
Armour
 F - a +0 pair of boots (worn)
Jewellery
 f - a ring of willpower
 l - a +4 ring of slaying (left hand)
 u - a ring of wizardry (right hand)
 A - a +4 ring of protection
 M - an amulet of regeneration (around neck)
 P - a ring of resist corrosion
 R - an amulet of faith
Wands
 q - a wand of iceblast (19)
 x - a wand of acid (23)
 y - a wand of paralysis (8)
 z - a wand of polymorph (9)
 B - a wand of flame (17)
 C - a wand of digging (3)
 Q - a wand of charming (4)
Scrolls
 d - 10 scrolls of teleportation
 j - a scroll of immolation
 r - 4 scrolls of enchant weapon
 v - 2 scrolls of blinking
 w - 2 scrolls of fear
 G - 4 scrolls of magic mapping
 J - a scroll of identify
 N - a scroll of amnesia
Potions
 b - 2 potions of ambrosia
 c - 2 potions of berserk rage
 e - 4 potions of flight
 g - 8 potions of curing
 h - 2 potions of mutation
 i - 8 potions of heal wounds
 k - a potion of invisibility
 n - a potion of haste
 s - 2 potions of lignification
 E - 4 potions of might
 I - 2 potions of cancellation
 K - a potion of magic
 T - a potion of attraction
Miscellaneous
 S - a phial of floods


   Skills:
 + Level 11.0 Fighting
 + Level 8.3 Maces & Flails
 + Level 6.9 Dodging
 - Level 1.8 Stealth
 + Level 9.6 Spellcasting
 + Level 6.8 Conjurations
 - Level 1.3 Transmutations
 + Level 7.0 Fire Magic
 - Level 5.2 Air Magic
 - Level 8.0 Poison Magic
 + Level 7.8 Invocations


You had 9 spell levels left.
You knew the following spells:

 Your Spells              Type           Power        Failure   Level
a - Sting                 Tmut/Pois      100%         1%          1
b - Poisonous Vapours     Pois/Air       68%          1%          2
c - Mephitic Cloud        Conj/Pois/Air  34%          1%          3
d - Olgreb's Toxic Radia  Pois           39%          1%          4
e - Ignite Poison         Fire/Tmut/Pois 29%          1%          3
f - Fireball              Conj/Fire      17%          4%          5
g - Sticky Flame          Conj/Fire      35%          1%          4

Your spell library contained the following spells:

 Spells                   Type           Power        Failure   Level
 Foxfire                  Conj/Fire      100%         1%          1
 Magic Dart               Conj           100%         1%          1
 Conjure Flame            Conj/Fire      35%          1%          3
 Inner Flame              Hex/Fire       22%          2%          3
 Animate Skeleton         Necr           18%          3%          1
 Apportation              Tloc           18%          3%          1
 Corona                   Hex            10%          3%          1
 Summon Small Mammal      Summ           36%          3%          1
 Blink                    Tloc           N/A          4%          2
 Call Imp                 Summ           9%           4%          2
 Slow                     Hex            9%           4%          2
 Sublimation of Blood     Necr           4%           4%          2
 Lesser Beckoning         Tloc           4%           10%         3
 Teleport Other           Tloc           9%           10%         3
 Passage of Golubria      Tloc           N/A          30%         4


Dungeon Overview and Level Annotations

Branches:
Dungeon (11/15)            Temple (0/1) D:5            Lair (6/6) D:8
 Shoals (0/4) Lair:4        Snake (0/4) Lair:3        Slime (0/5) Lair:6
    Orc: D:9-12

Altars:
Ashenzari
Elyvilon
Nemelex Xobeh
Sif Muna
Vehumet
Zin

Shops:
D:8 *   D:9 !

Annotations:
Lair:5 1 runed translucent door, Wycwiska's ghost, journeyman GnFi


Innate Abilities, Weirdness & Mutations

You can breathe wild blasts of lightning.
Your glossy black scales are hard. (AC +8)
You cannot fit into any form of body armour.
You are resistant to electric shocks. (rElec)
You are cold-blooded and may be slowed by cold attacks.


Message History

Confirm with . or Enter, or press ? or * to list all spells.
Aiming: Sticky Flame (mildly dangerous; 1% risk of failure)
Press: ? - help, Shift-Dir - straight line, f - death yak
Aim: a death yak (heavily wounded, very poisoned, 0% to evade)
The sticky flame hits the death yak but does no damage.
The death yak is heavily wounded.
The death yak is covered in liquid flames!
The death yak looks even sicker.
The death yak looks as sick as possible!
Your toxic aura wanes.
The death yak burns!
The death yak closely misses you.
The death yak burns!
Casting: Sticky Flame (mildly dangerous; 1% risk of failure)
Confirm with . or Enter, or press ? or * to list all spells.
Aiming: Poisonous Vapours (safe; 1% risk of failure)
Press: ? - help, Dir - move target, f/p - death yak
Aim: a death yak (severely wounded, covered in liquid flames, very poisoned)
Okay, then.
Casting: Poisonous Vapours (safe; 1% risk of failure)
Confirm with . or Enter, or press ? or * to list all spells.
Aiming: Sticky Flame (mildly dangerous; 1% risk of failure)
Press: ? - help, Shift-Dir - straight line, f - death yak, p - death yak
Aim: a death yak (heavily wounded, very poisoned, 0% to evade)
The sticky flame hits the death yak but does no damage.
The death yak is heavily wounded.
The death yak is covered in liquid flames!
The death yak burns! x2; The death yak gores you!
You thump the death yak!
The death yak is severely wounded.
The death yak burns!
The death yak stops burning.
The death yak burns!
The death yak gores you!
* * * LOW HITPOINT WARNING * * *
Unknown command.
You hit the death yak.
The death yak is severely wounded.
The death yak burns!
The death yak gores you!!
* * * LOW HITPOINT WARNING * * *
A komodo dragon and a steam dragon come into view.
The death yak burns!
The death yak stops burning.
The death yak gores you!
You die...

.....# .....# ≈≈....##D..##
.....## #§..........# ......##
≈........... .......##
.........l# ........### #........
..........## #...... ..PP.......#
#....# .P♣PPPP.P..## #.@#
.P♣♣♣PPP....# #†Y# PP
♣PPPP....###Y###### ######
♣P........#Y#.##..#### ##....#
♣P............##......###......
♣P..............................
PP...#............♣..............
.PP##.#.....♣♣.♣.♣♣♣P♣...........
.P ##......♣♣♣♣♣♣ ♣♣♣≈........÷.


You could see 3 death yaks, a komodo dragon (asleep) and a steam dragon
(asleep).

Vanquished Creatures
  A boulder beetle (Lair:4)
  4 hydras
  5 death yaks
  Pikel (D:5)
  2 black mambas
  3 elephants (Lair:3)
  A torpor snail (Lair:6)
  A gargoyle (D:10)
  15 cane toads
  4 rime drakes
  9 komodo dragons
  A troll (D:10)
  7 dream sheep
  3 polar bears
  9 blink frogs
  A wraith (D:10)
  A wyvern (Lair:3)
  37 yaks
  6 basilisks
  2 steam dragons
  A naga (Lair:3)
  8 water moccasins
  2 swamp drakes (Lair:6)
  An ice beast (D:5)
  A sky beast (D:6)
  2 orc warriors
  7 ogres
  21 wolves
  6 centaurs
  3 phantoms
  21 bullfrogs
  2 wyvern zombies
  A water moccasin zombie (D:8)
  2 gnoll sergeants
  A scorpion (D:7)
  9 wights
  A bullfrog zombie (D:9)
  2 howler monkeys
  5 hounds
  A jelly (D:9)
  A centaur skeleton (D:5)
  6 orc priests
  9 orc wizards
  2 iguanas
  8 worker ants
  A hound zombie (D:6)
  2 hound skeletons
  A worker ant zombie (D:7)
  9 adders
  14 gnolls
  2 shadow imps
  4 white imps
  2 ufetubi
  2 oozes
  2 adder skeletons (D:7)
  2 worms
  3 dart slugs
  2 leopard geckos
  41 orcs
  A ball python (D:1)
  4 giant cockroaches
  13 goblins
  6 hobgoblins
  4 jackals (D:6)
  3 kobolds (D:1)
  7 quokkas
  A ball python skeleton (D:4)
  7 bats
  2 frilled lizards
  A giant cockroach zombie (D:5)
  2 jackal skeletons (D:6)
  A leopard gecko skeleton (D:5)
  A quokka skeleton (D:6)
  9 rats
385 creatures vanquished.

Vanquished Creatures (others)
  15 bushes (Lair:6)
  35 fungi
  91 plants
141 creatures vanquished.

Grand Total: 526 creatures vanquished

Notes
Turn   | Place    | Note
-------+----------+-------------------------------------------
     0 | D:1      | tsouns the Draconian Venom Mage began the quest for the
                  | Orb.
     0 | D:1      | Reached XP level 1. HP: 14/14 MP: 3/3
   412 | D:1      | Reached XP level 2. HP: 20/20 MP: 0/5
   472 | D:1      | Learned a level 2 spell: Poisonous Vapours
  1486 | D:1      | Reached XP level 3. HP: 27/27 MP: 1/6
  1758 | D:2      | Found a white marble altar of Elyvilon.
  1954 | D:2      | Reached skill level 1 in Fighting
  2344 | D:2      | Reached skill level 1 in Maces & Flails
  2375 | D:2      | Reached XP level 4. HP: 32/35 MP: 3/7
  3544 | D:3      | Learned a level 3 spell: Mephitic Cloud
  3591 | D:3      | Reached skill level 2 in Fighting
  3591 | D:3      | Reached XP level 5. HP: 26/41 MP: 9/9
  3806 | D:4      | Learned a level 4 spell: Olgreb's Toxic Radiance
  4034 | D:4      | Noticed an ogre
  4045 | D:4      | Reached skill level 3 in Fighting
  4045 | D:4      | Reached XP level 6. HP: 19/51 MP: 9/11
  4548 | D:4      | Reached skill level 5 in Poison Magic
  4708 | D:4      | Your scales start taking on a glossy black colour.
  4708 | D:4      | Reached XP level 7. HP: 58/58 MP: 7/13
  4708 | D:4      | Gained mutation: You are resistant to electric shocks.
                  | (rElec) [Black Draconian growth]
  4805 | D:4      | Reached skill level 4 in Fighting
  5300 | D:4      | Found a sparkling altar of Nemelex Xobeh.
  5300 | D:4      | Found a shimmering blue altar of Sif Muna.
  5305 | D:4      | Became a worshipper of Sif Muna the Loreminder
  5364 | D:5      | Entered Level 5 of the Dungeon
  5799 | D:5      | Reached skill level 1 in Air Magic
  5881 | D:5      | Reached skill level 5 in Fighting
  6182 | D:5      | Reached XP level 8. HP: 68/68 MP: 10/15
  6359 | D:5      | Reached * piety under Sif Muna
  6362 | D:5      | Reached skill level 5 in Spellcasting
  6717 | D:5      | Found a staircase to the Ecumenical Temple.
  6898 | D:5      | Noticed Pikel
  6908 | D:5      | Killed Pikel
  6909 | D:5      | Reached skill level 6 in Fighting
  7217 | D:6      | Reached XP level 9. HP: 25/78 MP: 7/17
  7643 | D:6      | Reached skill level 5 in Air Magic
  7730 | D:6      | Reached ** piety under Sif Muna
  7885 | D:6      | Learned a level 3 spell: Ignite Poison
  8390 | D:6      | Reached skill level 7 in Fighting
  8678 | D:6      | You fall into a shaft and drop 2 floors!
  8771 | D:8      | Found Zin's Purification Station.
  8777 | D:8      | Found a glowing silver altar of Zin.
  9247 | D:6      | Reached *** piety under Sif Muna
  9355 | D:6      | Found a broken altar of Ashenzari.
 10609 | D:8      | Found a staircase to the Lair.
 10648 | D:8      | Found a radiant altar of Vehumet.
 10824 | D:8      | Reached skill level 1 in Invocations
 10824 | D:8      | Reached XP level 10. HP: 88/88 MP: 20/20
 10888 | D:8      | Reached skill level 8 in Fighting
 11183 | D:9      | Found Gonkajoa's Distillery.
 11198 | D:9      | Bought a potion of degeneration for 15 gold pieces
 11198 | D:9      | Bought 2 potions of heal wounds for 150 gold pieces
 11198 | D:9      | Bought a potion of mutation for 120 gold pieces
 11361 | D:9      | Learned a level 5 spell: Fireball
 11992 | D:10     | Entered Level 10 of the Dungeon
 12141 | D:10     | Reached **** piety under Sif Muna
 12273 | D:10     | Reached skill level 1 in Conjurations
 12273 | D:10     | Reached skill level 1 in Fire Magic
 12783 | D:10     | Noticed a gargoyle
 12794 | D:10     | Killed a gargoyle
 13149 | Lair:1   | Entered Level 1 of the Lair of Beasts
 13403 | Lair:1   | Reached skill level 5 in Maces & Flails
 13454 | Lair:1   | Noticed a cane toad
 13459 | Lair:1   | Killed a cane toad
 13858 | Lair:1   | Noticed a black mamba
 13865 | Lair:1   | Killed a black mamba
 14544 | Lair:2   | Noticed a cane toad
 14566 | Lair:1   | Killed a cane toad
 14698 | Lair:2   | Noticed a cane toad
 14708 | Lair:2   | Killed a cane toad
 14709 | Lair:2   | Reached XP level 11. HP: 69/95 MP: 22/22
 14713 | Lair:2   | Got a faintly glowing morningstar
 14714 | Lair:2   | Identified the +3 morningstar of Hotueran {vorpal, *Slow
                  | rElec rPois Int-3} (You found it on level 2 of the Lair of
                  | Beasts)
 15154 | Lair:2   | Reached skill level 9 in Fighting
 16573 | Lair:3   | Reached skill level 5 in Invocations
 16835 | Lair:3   | Found a staircase to the Snake Pit.
 16908 | Lair:3   | Reached skill level 5 in Dodging
 17498 | Lair:3   | Reached XP level 12. HP: 106/106 MP: 11/24
 17713 | Lair:4   | Reached skill level 5 in Fire Magic
 17737 | Lair:4   | Found a staircase to the Shoals.
 17756 | Lair:4   | Reached skill level 5 in Conjurations
 17772 | Lair:4   | Reached skill level 10 in Fighting
 18093 | Lair:4   | Noticed a boulder beetle
 18105 | Lair:4   | Killed a boulder beetle
 18284 | Lair:4   | Reached ***** piety under Sif Muna
 18410 | Lair:4   | Noticed a five-headed hydra
 18422 | Lair:4   | Killed a five-headed hydra
 18564 | Lair:4   | Noticed a five-headed hydra
 18572 | Lair:4   | Killed a five-headed hydra
 19382 | Lair:5   | Noticed a seven-headed hydra
 19383 | Lair:5   | Noticed a death yak
 19386 | Lair:5   | Noticed a death yak
 19388 | Lair:5   | Noticed a death yak
 19418 | Lair:5   | You fall into a shaft and drop 1 floor!
 19418 | Lair:6   | Entered Level 6 of the Lair of Beasts
 19549 | Lair:6   | Noticed a death yak
 19584 | Lair:6   | Killed a death yak
 19680 | Lair:6   | Found a staircase to the Slime Pits.
 19689 | Lair:6   | Identified Sif Muna's Almanac of Dislocated Evil (Sif Muna
                  | gifted it to you on level 6 of the Lair of Beasts)
 19689 | Lair:6   | Received a gift from Sif Muna
 19702 | Lair:6   | Learned a level 4 spell: Sticky Flame
 19754 | Lair:6   | Upgraded the game from 0.27-a0-406-g23f261fbd2 to
                  | 0.27-a0-414-gbb19ded6d3
 19764 | Lair:6   | Noticed an eight-headed hydra
 20105 | Lair:5   | Killed a seven-headed hydra
 20106 | Lair:5   | Reached XP level 13. HP: 11/114 MP: 3/26
 20584 | Lair:5   | Found a runed translucent door.
 20586 | Lair:5   | Noticed Wycwiska's ghost (journeyman GnFi)
 20828 | Lair:5   | Identified the +6 trident of the First Lives {speed, rF+
                  | rC- rN+ Int+8}
 21327 | Lair:5   | Found a radiant altar of Vehumet.
 22295 | Lair:6   | Reached skill level 11 in Fighting
 22426 | Lair:6   | HP: 4/116 [death yak (19)]
 22427 | Lair:6   | Mangled by a death yak

Illustrated notes

Levels and vault maps discovered:
D:1:      heliophobic_arrival_ceremonial_halls, layout_basic, nrook_uturn,
          chequers_serial_rivers_micro_b
D:2:      layout_basic, lemuel_altar_in_water
D:3:      layout_rooms, kennysheep_pointless_box
D:4:      layout_loops_corners, gammafunk_temple_overflow_wave, st_stairs_8
D:5:      layout_basic, minmay_temple_entry_gardened_gates, serial_curves,
          eino_curves_02, eino_curves_02, eino_curves_04, st_stairs_3,
          uniq_pikel
D:6:      layout_loops_corners, nicolae_overflow_hidden_temple, minivault_24
D:7:      layout_basic, kennysheep_little_box, skrybe_limestone_x,
          lemuel_flamethrower_2
D:8:      layout_loops_cross, kennysheep_mini, zin_purify, dpeg_oklobed_lair
D:9:      layout_basic, serial_shops, shop
D:10:     layout_rooms, kennysheep_generic_room_16
D:11:     layout_rooms, hellmonk_ghost_happy_afterlife, elyvilon_altar_4,
          uniq_nergalle
Lair:1:   layout_cave_shapes, st_stairs_10, grunt_forest_small_clearing_treed,
          serial_bayou_shore_a
Lair:2:   layout_cellular_growth
Lair:3:   layout_roguey, guppyfry_snake_entry_garden,
          chequers_serial_rivers_small_3
Lair:4:   layout_cave_pods, minmay_shoals_entry_centaurs,
          chequers_serial_rivers_large_a
Lair:5:   layout_regular_city, basic_altar, ebering_ghost_funeral_grove,
          serial_bayou_crossing
Lair:6:   cheibrodos_lair_end_hotspot, layout_regular_city, slime_dummy,
          serial_forest, infiniplex_forest_straight_3,
          infiniplex_forest_lined_2, infiniplex_forest_straight_3,
          infiniplex_forest_clump_curved, infiniplex_forest_clump_small,
          guppyfry_lair_drakes

Skill      XL: |  1  2  3  4  5  6  7  8  9 10 11 12 13 |
---------------+----------------------------------------+-----
Fighting       | 1 2 3 5 6 7 8 9 10 11 | 11.0
Maces & Flails | 1 4 5 6 7 8 |  8.3
Poison Magic   | 4 5 6 8 |  8.0
Spellcasting   | 3 4 5 7 8 9 |  9.6
Air Magic      | 2 4 5 |  5.2
Dodging        | 2 3 5 6 |  6.9
Invocations    | 1 3 5 7 |  7.8
Conjurations   | 2 4 6 |  6.8
Fire Magic     | 3 4 6 7 |  7.0
Stealth        | |  1.8
Transmutations | |  1.3

Action                   |  1- 3 |  4- 6 |  7- 9 | 10-12 | 13-15 || total
-------------------------+-------+-------+-------+-------+-------++-------
Melee: Unarmed           |    19 |       |       |       |       ||    19
       Whip              |    27 |    33 |    50 |       |       ||   110
       Tailslap          |     2 |     4 |    30 |    47 |    19 ||   102
       Falchion          |       |    13 |    60 |       |       ||    73
       Flail             |       |       |   107 |   416 |    81 ||   604
 Cast: Sting             |    16 |     6 |    22 |     9 |       ||    53
       Poisonous Vapours |    33 |    33 |   102 |    85 |     4 ||   257
       Olgreb's Toxic Ra |       |       |     4 |    43 |    12 ||    59
       Mephitic Cloud    |       |       |     2 |     5 |       ||     7
       Ignite Poison     |       |       |     2 |     3 |       ||     5
       Fireball          |       |       |       |    26 |    37 ||    63
       Sticky Flame      |       |       |       |     2 |     4 ||     6
 Abil: Breathe Lightning |       |       |     3 |     7 |       ||    10
Evoke: Wand              |       |       |       |     1 |       ||     1
  Use: Scroll            |       |    10 |     5 |     9 |     1 ||    25
 Stab: Sleeping          |       |       |     5 |     4 |       ||     9
       Distracted        |       |       |       |     1 |       ||     1
       Confused          |       |       |       |     1 |       ||     1
Armor: Skin              |    16 |    17 |    70 |   169 |    20 ||   292
Dodge: Dodged            |    28 |    31 |   130 |   368 |    62 ||   619
       Rpst.: Falchion   |       |     6 |    11 |       |       ||    17

Table legend: (Time is in decaauts)
 A = Elapsed time spent in this place.
 B = Non-inter-level travel time spent in this place.
 C = Inter-level travel time spent in this place.
 D = Time resting spent in this place.
 E = Time spent auto-exploring this place.
 F = Levels seen in this place.
 G = Mean time per level.
                   A        B        C        D        E       F      G
               +--------+--------+--------+--------+--------+-----+--------+
         Total |  22581 |  22004 |    577 |     89 |  18795 |  17 | 1328.3 |
       Dungeon |  13236 |  12862 |    374 |      0 |  11110 |  11 | 1203.3 |
          Lair |   9345 |   9143 |    202 |     89 |   7685 |   6 | 1557.5 |
               +--------+--------+--------+--------+--------+-----+--------+

Top non-repeatable levels by time:
  Lair:4: 1942 daAuts
  Lair:5: 1869 daAuts
     D:6: 1831 daAuts
     D:5: 1788 daAuts
     D:1: 1717 daAuts
  Lair:2: 1679 daAuts
     D:4: 1620 daAuts
  Lair:1: 1529 daAuts
  Lair:3: 1343 daAuts
    D:10: 1134 daAuts
     D:8: 1125 daAuts
     D:2: 1075 daAuts
     D:7: 1061 daAuts
  Lair:6: 980 daAuts
     D:3: 962 daAuts
